 Dungeon Crawl Stone Soup version 0.31-a0-8-gd14b0f4ee2 (webtiles) character file.

Game seed: 2745726700033617802

162577 rkaid the Warrior (level 17, 0/133 HPs)
             Began as a Demonspawn Wanderer on Apr 27, 2023.
             Was the Champion of Hepliaklqana.
             Succumbed to an orange demon's poison
             ... on level 4 of the Swamp on May 6, 2023.
             The game lasted 01:54:23 (28208 turns).

rkaid the Warrior (Demonspawn Wanderer)            Turns: 28208, Time: 01:54:24

Health: 0/133      AC: 32    Str: 28    XL:     17   Next: 22%
Magic:  0/24       EV: 13    Int: 24    God:    Hepliaklqana [******]
Gold:   2944       SH: 19    Dex: 12    Spells: 18/18 levels left

rFire   + + .        b - +1 demon whip (venom)
rCold   + + .        o - +3 kite shield {AC+3}
rNeg    . . .        V - +9 scale mail "Huostraf" {rElec Str+3 Int+6}
rPois   +            (helmet unavailable)
rElec   +            x - scarf {rC+ rF+}
rCorr   .            k - +2 pair of gloves {infuse}
SInv    +            j - +0 pair of boots
Will    ++...        N - amulet of Paicieh {Reflect Drain rF+ Int+2 SH+5 SInv} Stlth
                     u - ring "Hofocut" {Ice rElec Str+6 Slay+3}
HPRegen 0.42/turn    D - ring of Rekhloycw {rPois AC+4}
MPRegen 0.19/turn

%: reflection
@: lethally poisoned (0 -> -7)
A: reduced essence, horns 3, molten scales 3, ignite blood 2, demonic magic 1,
demonic willpower
a: Renounce Religion, Recall Ancestor, Ancestor Identity, Transference, Idealise


You were on level 4 of the Swamp.
You worshipped Hepliaklqana.
Hepliaklqana was exalted by your worship.
You visited 4 branches of the dungeon, and saw 26 of its levels.
You also visited: Bailey, Gauntlet and Ice Cave.

You collected 3733 gold pieces.
You spent 789 gold pieces at shops.

Inventory:

Hand Weapons
 a - a +4 morningstar of protection
   (You bought it in a shop on level 6 of the Dungeon)
 b - a +1 demon whip of venom (weapon)
   (You took it off Amaemon on level 11 of the Dungeon)
Missiles
 W - 2 throwing nets {=f}
Armour
 j - a +0 pair of boots (worn)
   (You found it on level 1 of the Dungeon)
 k - a +2 pair of gloves of infusion (worn)
   (You found it in a Gauntlet)
 o - a +3 kite shield of protection (worn)
   (You bought it in a shop on level 11 of the Dungeon)
 x - a scarf of resistance (worn)
   (You found it in a Gauntlet)
 V - the +9 scale mail "Huostraf" (worn) {rElec Str+3 Int+6}
   (You took it off a kobold on level 10 of the Dungeon)

   Str:       It affects your strength (+3).
   Int:       It affects your intelligence (+6).
   rElec:     It insulates you from electricity.
Jewellery
 f - an amulet of regeneration {+regen}
   (You found it on level 13 of the Dungeon)
 m - the ring "Ditreuq" {rN+ Str+4}
   (You found it in a Gauntlet)

   [ring of positive energy]

   Str:       It affects your strength (+4).
   rN:        It protects you from negative energy.
 n - a ring of flight {+Fly}
   (You found it on level 2 of the Dungeon)
 u - the ring "Hofocut" (left hand) {Ice rElec Str+6 Slay+3}
   (You found it on level 14 of the Dungeon)

   [ring of ice]

   It enhances your ice magic.
   Str:       It affects your strength (+6).
   Slay:      It affects your accuracy & damage with ranged weapons and melee
   (+3).
   rF:        It makes you vulnerable to fire.
   rC:        It protects you from cold.
   rElec:     It insulates you from electricity.
 B - a +4 ring of protection
   (You found it on level 6 of the Dungeon)
 D - the ring of Rekhloycw (right hand) {rPois AC+4}
   (You took it off a minotaur in a Gauntlet)

   [ring of protection]

   AC:        It affects your AC (+4).
   rPois:     It protects you from poison.
 N - the amulet of Paicieh (around neck) {Reflect Drain rF+ Int+2 SH+5 SInv}
   (You acquired it on level 14 of the Dungeon)

   [amulet of reflection]

   It reflects blocked missile attacks.
   Int:       It affects your intelligence (+2).
   rF:        It protects you from fire.
   SInv:      It lets you see invisible.
   Drain:     It drains your maximum health when unequipped.
   SH:        It affects your SH (+5).
Wands
 r - a wand of mindburst (5)
   (You found it on level 5 of the Dungeon)
 y - a wand of iceblast (33)
   (You found it on level 5 of the Dungeon)
 z - a wand of paralysis (14)
   (You found it on level 12 of the Dungeon)
 C - a wand of digging (11)
   (You found it on level 6 of the Dungeon)
 O - a wand of quicksilver (20)
   (You took it off an orc priest on level 9 of the Dungeon)
Scrolls
 e - 2 scrolls of butterflies
 l - 3 scrolls of blinking {!r}
 t - 13 scrolls of teleportation
 v - a scroll of silence
 A - 4 scrolls of vulnerability {!r!r}
 G - 6 scrolls of poison {!r}
 J - 3 scrolls of magic mapping {!r}
 L - a scroll of torment {!r}
 Q - 4 scrolls of fog
 S - 2 scrolls of immolation {!r}
 Z - 4 scrolls of fear
Potions
 c - 15 potions of curing
 d - 4 potions of berserk rage {!q}
 g - 5 potions of ambrosia
 h - 5 potions of heal wounds
 p - 4 potions of might
 q - 2 potions of cancellation
 s - a potion of magic
 F - 4 potions of brilliance
 H - 9 potions of attraction {!q}
 I - 7 potions of flight
 K - 2 potions of invisibility
 P - 2 potions of haste
 R - 6 potions of mutation {!q!q}
 U - a potion of resistance
Miscellaneous
 w - a box of beasts
   (You found it on level 5 of the Lair of Beasts)
 M - a lightning rod (4/4)
   (You found it on level 12 of the Dungeon)
 T - a piece from Xom's chessboard (15/15)
   (You found it on level 10 of the Dungeon)
 X - a phantom mirror
   (You found it on level 2 of the Swamp)
 Y - a phial of floods
   (You found it on level 2 of the Swamp)


   Skills:
 + Level 17.4 Fighting
 + Level 14.1(14.4) Maces & Flails
 - Level 5.0(10.4) Staves
 - Level 1.0 Throwing
 + Level 6.8 Armour
 - Level 9.2 Dodging
 - Level 1.0 Stealth
 - Level 11.0 Shields
 - Level 1.0 Spellcasting
 - Level 1.0 Air Magic
 + Level 10.4 Invocations
 - Level 15.0 Evocations


You had 18 spell levels left.
You didn't know any spells.
Your spell library contained the following spells:

 Spells                   Type           Power      Damage    Failure   Level
 Magic Dart               Conj           4%         1d3       38%         1
 Necrotise                Necr           4%         1d4       38%         1
 Slow                     Hex            4%         N/A       38%         1
 Poisonous Vapours        Pois/Air       6%         N/A       45%         2
 Cigotuvi's Dreadful Rot  Necr/Pois/Air  4%         N/A       50%         2
 Blink                    Tloc           2%         N/A       54%         2
 Call Imp                 Summ           2%         N/A       54%         2
 Ensorcelled Hibernation  Hex/Ice        2%         N/A       54%         2
 Lesser Beckoning         Tloc           2%         N/A       54%         2
 Momentum Strike          Conj/Tloc      2%         3d8       54%         2
 Passwall                 Tmut/Erth      0%         N/A       54%         2
 Sublimation of Blood     Necr           1%         N/A       54%         2
 Swiftness                Air            6%         N/A       63%         3
 Mephitic Cloud           Conj/Pois/Air  2%         N/A       75%         3
 Confusing Touch          Hex            1%         N/A       77%         3
 Gell's Gravitas          Tloc           1%         N/A       77%         3
 Hailstorm                Conj/Ice       1%         3d3       77%         3
 Inner Flame              Hex/Fire       1%         N/A       77%         3
 Spider Form              Tmut/Pois      1%         N/A       77%         3
 Teleport Other           Tloc           1%         N/A       77%         3
 Vampiric Draining        Necr           1%         2d6       77%         3
 Summon Lightning Spire   Summ/Air       3%         N/A       98%         4
 Anguish                  Hex/Necr       0%         N/A       99%         4
 Animate Dead             Necr           1%         N/A       99%         4
 Cause Fear               Hex            0%         N/A       99%         4
 Flame Wave               Conj/Fire      1%         2d4       99%         4
 Ice Form                 Ice/Tmut       1%         N/A       99%         4
 Olgreb's Toxic Radiance  Pois           1%         N/A       99%         4
 Passage of Golubria      Tloc           1%         N/A       99%         4
 Petrify                  Tmut/Erth      1%         N/A       99%         4
 Sticky Flame             Conj/Fire      1%         2d3       99%         4
 Agony                    Necr           1%         N/A       100%        5
 Borgnjor's Vile Clutch   Necr/Erth      0%         N/A       100%        5
 Irradiate                Conj/Tmut      0%         3d11      100%        5
 Silence                  Hex/Air        1%         N/A       100%        5
 Summon Forest            Summ/Tloc      0%         N/A       100%        5
 Summon Mana Viper        Hex/Summ       1%         N/A       100%        5
 Death Channel            Necr           0%         N/A       100%        6
 Dispersal                Tloc           0%         N/A       100%        6
 Simulacrum               Ice/Necr       0%         N/A       100%        6
 Summon Cactus Giant      Summ           0%         N/A       100%        6
 Enfeeble                 Hex            0%         N/A       100%        7
 Ozocubu's Refrigeration  Ice            0%         4d7       100%        7
 Storm Form               Tmut/Air       1%         N/A       100%        7
 Discord                  Hex            0%         N/A       100%        8
 Ignition                 Fire           0%         3d3       100%        8
 Lehudib's Crystal Spear  Conj/Erth      0%         10d2      100%        8
 Maxwell's Capacitive Co  Air            3%         ∞         100%        8
 Polar Vortex             Ice            0%         N/A       100%        9


Dungeon Overview and Level Annotations

Branches:
Dungeon (15/15)            Temple (0/1) D:6            Lair (5/5) D:10
  Swamp (4/4) Lair:3       Spider (0/4) Lair:3        Slime (0/5) Lair:4
    Orc (2/2) D:9             Elf (0/3) Orc:2        Vaults (0/5) D:13
 Depths (0/4) D:15         Bailey (visited)           IceCv (visited)
Gauntlet (visited)

Altars:
Ashenzari
Hepliaklqana
Kikubaaqudgha
Makhleb
Nemelex Xobeh
Uskayaw
Vehumet
Wu Jian
Jiyva

Shops:
D:3 =   D:6 (   D:7 (   D:10 (   D:11 [   D:12 :   Orc:2 *(=(

Annotations:
D:7 2 transporters, Notanamesir's ghost, novice DrTm
D:12 1 runed translucent door, exclusion: orange crystal statue


Innate Abilities, Weirdness & Mutations

Your life essence is reduced to manifest your ancestor. (-10% HP)
You have a pair of large horns on your head.
You are completely covered in molten scales. (AC +4, rF+)
Your demonic aura often causes spilled blood to erupt in flames.
Spells you cast may paralyse adjacent enemies.
You punish those that try to bend your will. (Will+)


Message History

The great orb of eyes bites you.
Your unstable footing causes you to fumble your attack.
The orange demon stings you from afar!
You block the great orb of eyes's attack.
You hit the great orb of eyes.
Two slime creatures merge to form a very large slime creature.
You whack the great orb of eyes!
The great orb of eyes looks as sick as possible!
You headbutt the great orb of eyes, but do no damage.
The orange demon stings you from afar.
You block the great orb of eyes's attack.
You whack the great orb of eyes!
You kill the great orb of eyes!
The orange demon stings you from afar.
You are poisoned.
The orange demon poisons you!
You hit the swamp dragon.
The swamp dragon is poisoned.
You feel very sick. You block the swamp dragon's attack. x2
The swamp dragon tramples you but does no damage.
You whack the swamp dragon!
The swamp dragon looks as sick as possible!
You headbutt the swamp dragon.
You feel sick.
A slime creature comes into view.
You block the orange demon's attack. You block the swamp dragon's attack.
The swamp dragon claws you but does no damage.
The swamp dragon barely misses you.
The slime creature quivers.
You thrash the swamp dragon!!
You feel sick.
A very large slime creature splits.
You whack the swamp dragon!
You feel sick. The orange demon closely misses you.
A slime creature comes into view.
The swamp dragon bites you but does no damage.
You block the swamp dragon's attack. The swamp dragon completely misses you.
The slime creature quivers.
You punish the swamp dragon, causing immense pain!!!
You kill the swamp dragon!
You hear a splash.
You feel sick.
The large slime creature completely misses you.
You block the slime creature's attack.
You whack the large slime creature!
Your headbutt misses the large slime creature.
You feel sick. You block the orange demon's attack.
Your unstable footing causes you to fumble your attack.
You feel sick.
You block the large slime creature's attack.
The slime creature barely misses you. You block the orange demon's attack.
You barely miss the large slime creature.
You feel sick.
The large slime creature jiggles.
You block the large slime creature's attack.
You whack the large slime creature! You headbutt the large slime creature!
You feel sick. You block the slime creature's attack.
The orange demon stings you but does no damage.
Your unstable footing causes you to fumble your attack.
You block the large slime creature's attack.
You block the slime creature's attack.
You thrash the large slime creature!!
You feel sick.
Two slime creatures merge to form a very large slime creature.
The orange demon splashes around in the water.
You hit the very large slime creature.
You headbutt the very large slime creature.
You feel sick. You block the slime creature's attack.
A four-headed hydra comes into view.
You block the orange demon's attack.
You thrash the very large slime creature!!
Two slime creatures merge to form an enormous slime creature.
Your unstable footing causes you to fumble your attack.
You feel sick. You block the slime creature's attack.
You block the orange demon's attack.
You thrash the enormous slime creature!!
You block the slime creature's attack.
You thrash the enormous slime creature!!
You headbutt the enormous slime creature!
You feel sick. The orange demon stings you from afar.
You are more poisoned.
The orange demon poisons you!
Your unstable footing causes you to fumble your attack.
You feel sick.
The slime creature hits you but does no damage.
You whack the enormous slime creature!
You feel very sick. You block the orange demon's attack.
You whack the enormous slime creature!
You headbutt the enormous slime creature!!
You feel sick. The enormous slime creature hits you!!
The slime creature barely misses you. You block the orange demon's attack.
You are too injured to fight recklessly!
You are too injured to fight recklessly!
The slime creature attacks as you move away!
The slime creature hits you but does no damage.
You feel very sick. The enormous slime creature hits you!!!
* * * LOW HITPOINT WARNING * * *
Really read
l - 4 scrolls of blinking {!r}?
Blink to where?
Press: ? - help, Dir - move target
As you read the scroll of blinking {!r}, it crumbles to dust.
You die...

♣~.##.#~≈~#~##.#~≈#†~~#.#
#~~~##~~.#§≈~.#.≈§J4.~~#
#.~≈~~≈.§#~§≈≈≈≈≈≈J##.~~.≈
♣.#R#.#.#≈÷.~#≈#.≈..#≈#.#≈
♣~.♣R#.~~.≈.#≈♣~#.~.~~.
#.~≈~~≈~~..≈§÷.~~..≈~≈~~ §
#.≈~##~≈~~♣~.#≈#~~#.≈###~≈
♣~.≈#.#.≈♣.~#...#~~♣≈#..#~
♣.~≈#..#≈≈#.≈@..≈.#~≈#...
#~.≈#.#.≈#≈~#)[.#§~♣≈~#.#
#~≈~###~≈≈♣~≈#≈#.~#.~≈~#
♣.~≈~~~≈~..≈~§.~~≈.~≈~#
♣.~#~#~#♣.§.#≈#≈#.~#~##
#.♣~♣≈~~#♣...#≈♣§~#.## ♣~
#≈.≈≈≈≈≈.##~≈≈≈≈~≈~#♣ ~~
♣.~≈≈≈~~≈##≈###.#~#♣
~.#♣.≈≈.≈.§≈~♣≈#..#~##


You could see an enormous slime creature.

Vanquished Creatures
  Rupert (Lair:5)
  Gastronok (Lair:1)
  Frances (Swamp:1)
  A thorn hunter (Swamp:3)
  Aizul (Swamp:1)
  3 very ugly things
  A quicksilver ooze (Gauntlet)
  3 eleionomae
  Azrael (Orc:2)
  A minotaur (Gauntlet)
  4 bunyips
  2 green deaths (Swamp:4)
  A fire dragon (D:15)
  Josephine (Swamp:1)
  An entropy weaver (shapeshifter) (D:15)
  A hell beast (Swamp:4)
  2 great orbs of eyes (Swamp:4)
  2 caustic shrike simulacra (IceCv)
  A vault guard (D:13)
  8 hydras
  2 ghost crabs
  5 centaur warriors
  A two-headed ogre (D:12)
  A catoblepas (Lair:5)
  4 boulder beetles
  A deep troll shaman (Lair:5)
  A death knight (D:14)
  10 alligators
  11 death yaks
  4 orc high priests
  A thrashing horror (Swamp:4)
  A tengu warrior (D:10)
  Urug (Orc:2)
  2 skeletal warriors
  2 sixfirhies (Gauntlet)
  3 goliath frogs
  6 spriggan druids
  3 swamp dragons (Swamp:4)
  13 bog bodies
  2 wizards
  A phantasmal warrior (Swamp:2)
  An orc knight (D:10)
  2 necromancers
  2 spectral hydras (Swamp:2)
  2 deep elf pyromancers
  12 ugly things
  4 will-o-the-wisps
  3 cyclopes
  5 black mambas
  10 elephants (Lair:5)
  A guardian serpent (D:13)
  A smoke demon (Gauntlet)
  2 orange demons
  6 cane toads
  3 efreet (D:15)
  2 kobold demonologists (D:9)
  4 swamp worm zombies (Swamp:2)
  5 komodo dragons
  An anaconda simulacrum (IceCv)
  3 freezing wraiths
  3 meliai (D:9)
  7 trolls
  3 large abominations
  A red devil (Gauntlet)
  2 polar bears
  A hornet (Lair:1)
  2 tyrant leeches
  3 spectral swamp dragons (Swamp:2)
  6 blink frogs
  2 alligator zombies (Swamp:2)
  7 dream sheep
  6 slime creatures
  A shadow (D:13)
  21 yaks
  5 wyverns
  5 tyrant leech zombies (Swamp:2)
  5 spriggans
  A hog (shapeshifter) (D:15)
  17 humans (D:13)
  7 wraiths
  3 hogs (D:13)
  4 basilisks
  6 fire elementals
  A steam dragon (D:9)
  12 vampire mosquitoes
  12 swamp worms
  5 wargs
  A hell hound (Orc:2)
  Edmund (D:6)
  2 acid dragons (D:12)
  8 water moccasins
  A hydra simulacrum (IceCv)
  An alligator simulacrum (IceCv)
  2 black bears
  4 ogres
  A swamp drake (Swamp:1)
  12 orc warriors
  2 centaurs
  6 wolves
  4 phantoms
  5 kobold brigands
  9 bullfrogs
  A gnoll sergeant (D:11)
  A scorpion (D:3)
  4 wights
  2 spriggan zombies (Swamp:2)
  3 troll zombies
  9 killer bees
  7 jellies
  3 howler monkeys
  A lava snake (D:9)
  A crimson imp (Gauntlet)
  4 hounds
  22 orc priests
  2 sleepcaps (D:5)
  Jessica (D:2)
  3 iguanas
  2 orc wizards
  2 ogre zombies (D:9)
  7 gnolls
  11 adders
  A worm (D:3)
  3 dart slugs
  27 orcs
  8 endoplasms
  7 giant cockroaches
  8 goblins
  12 hobgoblins
  4 jackals
  3 quokkas
  11 ball pythons
  5 bats
  2 frilled lizards (D:1)
  3 goblin zombies (D:9)
  A hobgoblin skeleton (D:9)
  2 hobgoblin zombies (D:9)
  14 kobolds
  An orc skeleton (D:9)
  6 orc zombies (D:9)
  5 rats
597 creatures vanquished.

Vanquished Creatures (collateral kills)
  Kirke (D:13)
  2 fenstrider witches
  A bunyip (Swamp:2)
  An ice dragon (D:15)
  2 vault guards (D:13)
  4 hydras
  A ghost crab (Swamp:3)
  2 catoblepae
  3 death yaks
  A tengu warrior (D:13)
  An alligator (Swamp:1)
  An orc high priest (Orc:2)
  Amaemon (D:11)
  2 sixfirhies (Gauntlet)
  3 skysharks
  A death drake (Swamp:2)
  2 skeletal warriors (D:13)
  2 goliath frogs (Swamp:1)
  An orb spider (Lair:3)
  4 bog bodies
  2 swamp dragons (Swamp:4)
  An orange crystal statue (IceCv)
  A goliath frog zombie (Swamp:2)
  An orc knight (D:15)
  An orc sorcerer (Orc:2)
  A cyclops (D:10)
  3 will-o-the-wisps
  4 elephants (Lair:5)
  4 black mambas
  Maurice (D:13)
  A gargoyle (D:11)
  An orange demon (Swamp:4)
  A rime drake (Lair:4)
  A swamp worm zombie (Swamp:2)
  A cane toad (Lair:2)
  An unseen horror (shapeshifter) (D:10)
  2 komodo dragons
  2 golden dragon simulacra (IceCv)
  A freezing wraith (IceCv)
  A polar bear (Lair:3)
  2 hornets
  A bloated husk (Swamp:4)
  A tyrant leech (Swamp:2)
  An alligator zombie (Swamp:2)
  5 dream sheep
  A spectral swamp dragon (Swamp:2)
  4 blink frogs
  2 spriggans
  3 shadows
  2 wyverns (D:10)
  2 wraiths
  A vampire (D:12)
  8 yaks
  Eustachio (D:6)
  A tyrant leech zombie (Swamp:2)
  3 humans (D:13)
  4 vampire mosquitoes
  2 hogs (D:13)
  A steam dragon (D:7)
  A large abomination (Swamp:2)
  2 wargs (Orc:2)
  A swamp worm (Swamp:2)
  A hydra simulacrum (IceCv)
  5 water moccasins
  A black bear (Lair:1)
  4 orc warriors
  A centaur (D:12)
  3 ogres (Orc:2)
  6 wolves
  2 phantoms
  A kobold brigand (D:11)
  4 bullfrogs
  A scorpion (D:6)
  3 wights (D:7)
  A small abomination (Swamp:4)
  A troll zombie (D:9)
  5 killer bees
  7 jellies
  4 howler monkeys
  2 crimson imps (Gauntlet)
  2 hounds (D:5)
  13 orc priests
  A sleepcap (D:7)
  4 orc wizards
  An ogre zombie (D:9)
  4 gnolls
  An adder (D:5)
  A white imp (D:5)
  A worm (D:4)
  27 orcs
  A goblin (D:4)
  2 hobgoblins (Bailey)
  2 goblin zombies (D:9)
  16 kobolds
  An orc skeleton (D:9)
  3 orc zombies (D:9)
248 creatures vanquished.

Vanquished Creatures (others)
  2 bloated husks (Swamp:3)
  A tyrant leech (Swamp:3)
  A hornet (Swamp:2)
  28 battlemagi
  4 demonic plants (Gauntlet)
  30 foxfires
  22 fungi
  33 plants
  2 withered plants (Swamp:2)
123 creatures vanquished.

Grand Total: 968 creatures vanquished

Notes
Turn   | Place    | Note
-------+----------+-------------------------------------------
     0 | D:1      | rkaid the Demonspawn Wanderer began the quest for the Orb.
     0 | D:1      | rkaid set off with the following items: a +3 quarterstaff,
                  | a potion of attraction, a +0 robe; and the following spells
                  | available to memorise: Poisonous Vapours, Cigotuvi's
                  | Dreadful Rot.
     0 | D:1      | Reached XP level 1. HP: 16/16 MP: 2/2
   311 | D:1      | Gained mutation: Your demonic aura sometimes causes spilled
                  | blood to erupt in flames. [demonic ancestry]
   311 | D:1      | Reached XP level 2. HP: 23/23 MP: 3/3
   382 | D:1      | Reached skill level 3 in Fighting
   745 | D:1      | Gained mutation: You have a pair of small horns on your
                  | head. [demonic ancestry]
   745 | D:1      | Reached XP level 3. HP: 27/29 MP: 4/4
   896 | D:1      | Found a faded altar of an unknown god.
  1279 | D:2      | Reached XP level 4. HP: 37/37 MP: 5/5
  1284 | D:2      | Reached skill level 2 in Dodging
  1362 | D:2      | Reached skill level 4 in Fighting
  1432 | D:2      | Found a hazy altar of Hepliaklqana.
  1446 | D:2      | Noticed Jessica
  1450 | D:2      | Killed Jessica
  1531 | D:2      | Gained mutation: Spells you cast may paralyse adjacent
                  | enemies. [demonic ancestry]
  1531 | D:2      | Reached XP level 5. HP: 42/42 MP: 6/6
  1796 | D:2      | Became a worshipper of Hepliaklqana the Forgotten
  1815 | D:3      | Noticed an ogre
  1957 | D:3      | Killed an ogre
  1958 | D:3      | Reached skill level 3 in Dodging
  2126 | D:3      | Found Fior Ahemogh's Jewellery Emporium.
  2138 | D:3      | Reached XP level 6. HP: 50/50 MP: 7/7
  2200 | D:3      | Reached skill level 5 in Fighting
  2700 | D:4      | Found a hide-covered altar of Uskayaw.
  2896 | D:4      | Reached skill level 4 in Dodging
  2945 | D:4      | Reached * piety under Hepliaklqana
  3045 | D:4      | Found a sparkling altar of Nemelex Xobeh.
  3051 | D:4      | Found a burning altar of Makhleb.
  3053 | D:4      | Found a broken altar of Ashenzari.
  3054 | D:4      | Found an ornate altar of the Wu Jian Council.
  3177 | D:4      | Reached XP level 7. HP: 47/51 MP: 8/8
  3521 | D:5      | Entered Level 5 of the Dungeon
  3549 | D:5      | Reached skill level 6 in Fighting
  3614 | D:5      | Reached skill level 3 in Staves
  3669 | D:5      | Reached skill level 5 in Dodging
  3743 | D:5      | Gained mutation: You have a pair of horns on your head.
                  | [demonic ancestry]
  3743 | D:5      | Reached XP level 8. HP: 47/58 MP: 9/9
  4061 | D:5      | Reached skill level 4 in Staves
  4201 | D:5      | Reached ** piety under Hepliaklqana
  4208 | D:5      | Remembered your ancestor Bolek as a battlemage
  4387 | D:6      | Noticed Edmund
  4392 | D:6      | Killed Edmund
  4393 | D:6      | Reached skill level 7 in Fighting
  4423 | D:6      | Noticed Eustachio
  4437 | D:6      | Killed Eustachio
  4440 | D:6      | Reached skill level 6 in Dodging
  4548 | D:6      | Found Webrasur's Weapon Shoppe.
  4593 | D:6      | Found a staircase to the Ecumenical Temple.
  4624 | D:6      | Reached skill level 5 in Staves
  4982 | D:7      | Reached skill level 8 in Fighting
  5008 | D:7      | Reached XP level 9. HP: 66/66 MP: 10/10
  5025 | D:7      | Reached skill level 7 in Dodging
  5025 | D:7      | Found Zazem's Antique Weapon Boutique.
  5100 | D:7      | Found a transporter.
  5116 | D:7      | Found a transporter.
  5117 | D:7      | Noticed Notanamesir's ghost (novice DrTm)
  5274 | D:7      | Reached skill level 9 in Fighting
  5295 | D:7      | Identified the +2 ring mail of the Damp Wumpus {Str+3}
  5333 | D:7      | Reached *** piety under Hepliaklqana
  5441 | D:7      | Identified the +9 short sword of the Omega Point
                  | {antimagic, rCorr}
  5522 | D:7      | Found a radiant altar of Vehumet.
  5588 | D:7      | Found an ancient bone altar of Kikubaaqudgha.
  5698 | D:6      | Bought a +3 morningstar of protection for 327 gold pieces
  5823 | D:8      | Found a flagged portal.
  5833 | Bailey   | Entered a bailey
  5880 | Bailey   | Reached skill level 1 in Maces & Flails
  6411 | D:8      | Reached skill level 2 in Maces & Flails
  6411 | D:8      | Reached skill level 8 in Dodging
  6518 | D:8      | Reached skill level 3 in Maces & Flails
  6634 | D:8      | Gained mutation: You are partially covered in molten
                  | scales. (AC +2) [demonic ancestry]
  6634 | D:8      | Reached XP level 10. HP: 53/75 MP: 11/11
  7121 | D:8      | Reached **** piety under Hepliaklqana
  7332 | D:9      | Found a staircase to the Orcish Mines.
  7408 | D:9      | Reached skill level 10 in Fighting
  7698 | D:9      | Reached skill level 4 in Maces & Flails
  7824 | D:9      | Reached skill level 9 in Dodging
  8011 | D:9      | Noticed a rust devil
  8024 | D:9      | Reached skill level 5 in Maces & Flails
  8224 | D:9      | Reached skill level 1 in Shields
  8490 | D:9      | Reached skill level 2 in Shields
  8553 | D:9      | Noticed a boulder beetle
  8573 | D:9      | Killed a boulder beetle
  8574 | D:9      | Reached skill level 11 in Fighting
  8574 | D:9      | Reached XP level 11. HP: 32/83 MP: 12/12
  8994 | D:10     | Entered Level 10 of the Dungeon
  9006 | D:10     | Found Kiklud's Antique Weapon Emporium.
  9012 | D:10     | Noticed a centaur warrior
  9019 | D:10     | Noticed a tengu warrior
  9020 | D:10     | Killed a centaur warrior
  9021 | D:10     | Reached skill level 6 in Maces & Flails
  9021 | D:10     | Reached skill level 3 in Shields
  9026 | D:10     | Killed a tengu warrior
  9026 | D:10     | Noticed a centaur warrior
  9145 | D:10     | Killed a centaur warrior
  9243 | D:10     | Noticed a centaur warrior
  9374 | D:10     | Upgraded the game from 0.30-a0-1161-g0704695555 to
                  | 0.30-a0-1163-gf69bf04e7a
  9625 | D:10     | Reached skill level 4 in Shields
  9625 | D:10     | Reached skill level 1 in Evocations
  9627 | D:10     | Killed a centaur warrior
  9628 | D:10     | Reached skill level 2 in Evocations
  9797 | D:10     | Noticed an orc knight
  9803 | D:10     | Killed an orc knight
  9804 | D:10     | Reached skill level 7 in Maces & Flails
  9804 | D:10     | Reached skill level 3 in Evocations
  9956 | D:10     | Identified the ring "Foph" {Wiz *Slow rCorr Stlth+}
  9967 | D:10     | Identified the +9 scale mail "Huostraf" {rElec Str+3 Int+6}
  9973 | D:10     | Found a staircase to the Lair.
 10008 | D:10     | Reached skill level 4 in Evocations
 10080 | D:10     | Reached skill level 12 in Fighting
 10080 | D:10     | Reached skill level 5 in Shields
 10252 | Lair:1   | Entered Level 1 of the Lair of Beasts
 10654 | Lair:1   | Reached skill level 5 in Evocations
 10791 | Lair:1   | Noticed Gastronok
 10822 | Lair:1   | Killed Gastronok
 10823 | Lair:1   | Gained mutation: You are mostly covered in molten scales.
                  | (AC +3) [demonic ancestry]
 10823 | Lair:1   | Reached XP level 12. HP: 91/91 MP: 13/13
 10951 | Lair:1   | Reached skill level 6 in Evocations
 11355 | Lair:1   | Upgraded the game from 0.30-a0-1163-gf69bf04e7a to
                  | 0.30-a0-1164-ge08a67761e
 11612 | Lair:2   | Reached skill level 8 in Maces & Flails
 11620 | Lair:2   | Reached skill level 6 in Shields
 11669 | Lair:2   | Noticed a six-headed hydra
 11675 | Lair:2   | Reached skill level 7 in Evocations
 11680 | Lair:2   | Killed a six-headed hydra
 11918 | Lair:2   | Noticed a five-headed hydra
 11924 | Lair:2   | Killed a five-headed hydra
 12148 | Lair:3   | Identified the +1 robe of Afiyfoex {+Inv Fly Dex+3}
 12166 | Lair:3   | Reached skill level 8 in Evocations
 12204 | Lair:3   | Reached ***** piety under Hepliaklqana
 12329 | Lair:3   | Found a hole to the Spider Nest.
 12604 | Lair:3   | Reached skill level 13 in Fighting
 12900 | Lair:3   | Found a staircase to the Swamp.
 13064 | Lair:4   | Reached skill level 7 in Shields
 13080 | Lair:4   | Reached skill level 9 in Evocations
 13152 | Lair:4   | Noticed a death yak
 13152 | Lair:4   | Noticed a death yak
 13152 | Lair:4   | Noticed a death yak
 13152 | Lair:4   | Noticed a death yak
 13156 | Lair:4   | Killed a death yak
 13161 | Lair:4   | Killed a death yak
 13162 | Lair:4   | Reached skill level 9 in Maces & Flails
 13166 | Lair:4   | Killed a death yak
 13179 | Lair:4   | Killed a death yak
 13180 | Lair:4   | Gained mutation: Your demonic aura often causes spilled
                  | blood to erupt in flames. [demonic ancestry]
 13180 | Lair:4   | Reached XP level 13. HP: 57/99 MP: 14/14
 13307 | Lair:4   | Found a staircase to the Slime Pits.
 13308 | Lair:4   | Found a viscous altar of Jiyva.
 13564 | Lair:4   | Reached skill level 10 in Evocations
 14286 | Lair:5   | Entered Level 5 of the Lair of Beasts
 14327 | Lair:5   | Reached skill level 8 in Shields
 14484 | Lair:5   | Reached skill level 11 in Evocations
 14741 | Lair:5   | Reached skill level 10 in Maces & Flails
 14889 | Lair:5   | Reached skill level 14 in Fighting
 14940 | Lair:5   | Reached skill level 12 in Evocations
 15276 | Lair:5   | Reached skill level 9 in Shields
 15341 | Lair:5   | Noticed Rupert
 15350 | Lair:5   | Killed Rupert
 15351 | Lair:5   | Gained mutation: You have a pair of large horns on your
                  | head. [demonic ancestry]
 15351 | Lair:5   | Reached XP level 14. HP: 108/108 MP: 15/15
 15748 | Lair:5   | Reached skill level 13 in Evocations
 16328 | D:11     | Noticed Amaemon
 16337 | D:11     | Killed Amaemon
 16552 | D:11     | Found Gufyug's Antique Armour Emporium.
 16557 | D:11     | Bought a pair of runed gloves for 217 gold pieces
 16557 | D:11     | Bought a glowing kite shield for 217 gold pieces
 16889 | D:12     | Reached ****** piety under Hepliaklqana
 16937 | D:12     | Found a runed translucent door.
 17051 | D:12     | Reached skill level 11 in Maces & Flails
 17262 | D:12     | Found Ukkuugoe's Book Emporium.
 17878 | D:13     | Noticed Maurice
 17882 | D:13     | Killed Maurice
 17948 | D:13     | Reached skill level 10 in Shields
 18092 | D:13     | Noticed Kirke
 18105 | D:13     | Reached skill level 15 in Fighting
 18108 | D:13     | Killed Kirke
 18109 | D:13     | Reached skill level 14 in Evocations
 18324 | D:13     | Found a gate to the Vaults.
 18683 | D:13     | Gained mutation: You are completely covered in molten
                  | scales. (AC +4, rF+) [demonic ancestry]
 18683 | D:13     | Reached XP level 15. HP: 104/116 MP: 16/16
 18716 | D:13     | Identified the +0 leather armour of Gobowydd {rC+ MP+9
                  | Str+3}
 18727 | D:13     | Identified the +6 long sword of Destiny {heavy, Dex+3}
 18922 | D:14     | Identified the ring "Hofocut" {Ice rElec Str+6 Slay+3}
 18942 | D:14     | Found a gate leading to a gauntlet.
 18958 | Gauntlet | Entered a Gauntlet
 18958 | Gauntlet | Found a large runed translucent door.
 18958 | Gauntlet | Found a large runed translucent door.
 18958 | Gauntlet | Found a large runed translucent door.
 18958 | Gauntlet | Found a large runed translucent door.
 18958 | Gauntlet | Found a runed translucent door.
 18958 | Gauntlet | Found a large runed translucent door.
 18958 | Gauntlet | Found a large runed translucent door.
 18958 | Gauntlet | Found a transporter.
 18958 | Gauntlet | Found a transporter.
 18958 | Gauntlet | Found a large runed translucent door.
 18958 | Gauntlet | Found a large runed translucent door.
 18958 | Gauntlet | Found a runed translucent gate.
 18958 | Gauntlet | Found a runed translucent gate.
 18958 | Gauntlet | Found a transporter.
 18958 | Gauntlet | Found a transporter.
 18959 | Gauntlet | Found a runed translucent door.
 18959 | Gauntlet | Found a runed translucent gate.
 18962 | Gauntlet | Found a large runed translucent door.
 18962 | Gauntlet | Found a large runed translucent door.
 18962 | Gauntlet | Found a large runed translucent door.
 18962 | Gauntlet | Found a large runed translucent door.
 18963 | Gauntlet | Found a large runed translucent door.
 18963 | Gauntlet | Found a large runed translucent door.
 18964 | Gauntlet | Found a large runed translucent door.
 18964 | Gauntlet | Found a large runed translucent door.
 18979 | Gauntlet | Found a transporter.
 19022 | Gauntlet | Found a transporter.
 19120 | Gauntlet | Found a transporter.
 19128 | Gauntlet | Found a transporter.
 19136 | Gauntlet | Identified the ring "Ditreuq" {rN+ Str+4}
 19154 | Gauntlet | Found a transporter.
 19154 | Gauntlet | Found a transporter.
 19182 | Gauntlet | Identified the +2 flail "Demonspawn's Peril" {drain, rPois
                  | rN+}
 19235 | Gauntlet | Identified the ring of Rekhloycw {rPois AC+4}
 19522 | D:14     | Found a frozen archway.
 19534 | D:14     | Reached skill level 12 in Maces & Flails
 19544 | IceCv    | Entered an ice cave
 19557 | IceCv    | HP: 26/116 [golden dragon simulacrum (11)]
 19691 | IceCv    | Found a transporter.
 19744 | IceCv    | Found a transporter.
 19751 | IceCv    | Upgraded the game from 0.30-a0-1164-ge08a67761e to
                  | 0.31-a0-4-gefa6de2278
 19758 | IceCv    | Reached skill level 11 in Shields
 19781 | IceCv    | HP: 18/117 [ettin simulacrum[an orange crystal statue]
                  | (13)]
 20087 | D:14     | Identified the +0 scale mail of Jos Siax {Fly rCorr MP+9
                  | Int+2}
 20243 | D:14     | Identified a scroll of acquirement
 20777 | Orc:1    | Entered Level 1 of the Orcish Mines
 20888 | Orc:2    | Entered Level 2 of the Orcish Mines
 20911 | Orc:2    | Reached skill level 1 in Invocations
 20913 | Orc:2    | Noticed Azrael
 21055 | Orc:2    | Killed Azrael
 21056 | Orc:2    | Reached skill level 2 in Invocations
 21215 | Orc:2    | Found a staircase to the Elven Halls.
 21224 | Orc:2    | Noticed Urug
 21235 | Orc:2    | Killed Urug
 21322 | Orc:2    | Reached skill level 15 in Evocations
 21376 | Orc:2    | Reached skill level 3 in Invocations
 21756 | Orc:2    | Found Biotsach's Weapon Emporium.
 21756 | Orc:2    | Found Xuatouxa's Jewellery Boutique.
 21781 | Orc:2    | Found Ukautuo's Weapon Emporium.
 21781 | Orc:2    | Found Huqyebass's General Store.
 21809 | Orc:2    | Reached skill level 16 in Fighting
 22010 | Orc:2    | Bought a scroll of identify for 28 gold pieces
 22266 | Orc:2    | Acquired the amulet of Paicieh {Reflect Drain rF+ Int+2
                  | SH+5 SInv}
 22531 | D:15     | Entered Level 15 of the Dungeon
 22598 | D:15     | Reached skill level 1 in Armour
 22710 | D:15     | Reached skill level 4 in Invocations
 23290 | D:15     | Reached skill level 2 in Armour
 23399 | D:15     | Found a staircase to the Depths.
 23648 | D:15     | Upgraded the game from 0.31-a0-4-gefa6de2278 to
                  | 0.31-a0-7-g51783674b7
 23858 | Swamp:1  | Entered Level 1 of the Swamp
 23867 | Swamp:1  | Reached skill level 5 in Invocations
 23917 | Swamp:1  | Noticed Frances
 23923 | Swamp:1  | Killed Frances
 24013 | Swamp:1  | Gained mutation: You punish those that try to bend your
                  | will. (Will+) [demonic ancestry]
 24013 | Swamp:1  | Reached XP level 16. HP: 124/124 MP: 17/20
 24107 | Swamp:1  | Noticed Aizul
 24118 | Swamp:1  | Killed Aizul
 24119 | Swamp:1  | Reached skill level 3 in Armour
 24179 | Swamp:1  | Reached skill level 6 in Invocations
 24307 | Swamp:1  | Noticed Josephine
 24312 | Swamp:1  | Killed Josephine
 24543 | Swamp:1  | Reached skill level 13 in Maces & Flails
 24925 | Swamp:2  | Reached skill level 4 in Armour
 25032 | Swamp:2  | Reached skill level 7 in Invocations
 25249 | Swamp:2  | HP: 31/125 [bog body (13)]
 25899 | Swamp:2  | Reached skill level 8 in Invocations
 26092 | Swamp:2  | Reached skill level 5 in Armour
 26153 | Swamp:2  | Identified the +0 scale mail of the Moon {Rampage Int+2
                  | Dex+2 Stlth-}
 26827 | Swamp:2  | Upgraded the game from 0.31-a0-7-g51783674b7 to
                  | 0.31-a0-8-gd14b0f4ee2
 26829 | Swamp:3  | Noticed a thorn hunter
 26837 | Swamp:3  | Reached skill level 17 in Fighting
 26845 | Swamp:3  | Killed a thorn hunter
 26850 | Swamp:3  | Reached skill level 9 in Invocations
 27216 | Swamp:4  | Entered Level 4 of the Swamp
 27521 | Swamp:4  | Reached skill level 6 in Armour
 27677 | Swamp:4  | Reached XP level 17. HP: 132/132 MP: 20/24
 27958 | Swamp:4  | Reached skill level 10 in Invocations
 27986 | Swamp:4  | Reached skill level 14 in Maces & Flails
 28207 | Swamp:4  | HP: 2/133 [enormous slime creature (42)]
 28208 | Swamp:4  | Succumbed to an orange demon's poison

Illustrated notes

Levels and vault maps discovered:
D:1:      dpeg_arrival_arbitrary_b, layout_basic,
          hellmonk_ecumenical_altar_leap_of_faith, minmay_pentomino_u4
D:2:      layout_loops_cross, basic_altar, minmay_shallow_snake_nest,
          uniq_jessica
D:3:      layout_rooms, serial_shops, nicolae_diamond_shop, minmay_between
D:4:      layout_basic, nicolae_overflow_hallway_of_the_gods
D:5:      layout_basic, dreamdust_mushroom_princess
D:6:      layout_basic, minmay_temple_entry_antechambers, serial_shops, shop,
          hangedman_abyss_or_decor_lesser_grid, uniq_edmund, uniq_eustachio
D:7:      layout_cave_pools, mainiacjoe_overflow_alcove_2, kennysheep_mini_moat,
          gammafunk_ghost_hive, serial_shops, shop
D:8:      layout_gridville, enter_bailey_6, eino_jars
D:9:      layout_roguey, zombieorc1_lemuel, nicolae_lava_and_water,
          blue_anna_alchemist
D:10:     minmay_cut_squares, layout_rooms, minmay_lair_entry_grove,
          serial_shops, shop
D:11:     layout_cave_pools, serial_shops, nicolae_shop_rolling_square,
          chequers_decorated_corner, uniq_amaemon
D:12:     layout_loops_ring, serial_shops, shop, nrook_pool_corridor,
          minmay_crystal_box
D:13:     layout_roguey, grunt_vaults_entry_tiered, nicolae_benzene_ring,
          chequers_mini_garden, nrook_guardian_serpent_double, uniq_kirke,
          uniq_maurice
D:14:     layout_loops_ring, gauntlet_entry_generic,
          portal_ice_cave_entry_ugly_swarm
D:15:     grunt_enter_depths_hoard, layout_basic, solitary_fountain
Lair:1:   layout_cave_pods, st_stairs_8, serial_bayou_shore_b, uniq_gastronok
Lair:2:   layout_misc_corridors, special_room
Lair:3:   layout_chaotic_city, minmay_swamp_entry_worms,
          nicolae_spider_entry_orb_guardian
Lair:4:   layout_gridlike, minmay_slime_entry_jelly_boxes, lemuel_fruit_tree
Lair:5:   grunt_lair_end_beastmaster, layout_loops_ring,
          chequers_serial_rivers_micro_e, uniq_rupert
Swamp:1:  layout_basic_swamp, evilmike_swamp_ruin_rubble_1, uniq_frances,
          uniq_josephine, uniq_aizul
Swamp:2:  cheibrodos_swamp_mausoleum, layout_basic_swamp,
          nicolae_swamp_tree_designs, swamp_pool2, nzn_swamp_dancing_lights
Swamp:3:  layout_falls_marsh, evilmike_swamp_ruin_house_3, swamp_pool1
Swamp:4:  swamp_vile, layout_basic_swamp, swamp_pool2,
          evilmike_swamp_ruin_rubble_2
Orc:1:    layout_diamond_mine, led_sif_book
Orc:2:    st_orc_town, layout_caves, uniq_urug, uniq_azrael

Skill      XL: |  1  2  3  4  5  6  7  8  9 10 11 12 13 14 15 16 17 |
---------------+----------------------------------------------------+-----
Fighting       | 3 4 5 6 8 9 11 12 13 14 15 16 17 | 17.4
Dodging        | 2 3 4 5 6 8 9 |  9.2
Staves         | 3 5 |  5.0
Maces & Flails | 3 5 7 9 10 11 12 13 14 | 14.1
Shields        | 2 5 7 9 10 11 | 11.0
Evocations     | 5 9 12 14 15 | 15.0
Invocations    | 5 9 10 | 10.4
Armour         | 2 6 |  6.8
Throwing       | |  1.0
Stealth        | |  1.0
Spellcasting   | |  1.0
Air Magic      | |  1.0

Action                     |  1- 3 |  4- 6 |  7- 9 | 10-12 | 13-15 | 16-18 || total
---------------------------+-------+-------+-------+-------+-------+-------++-------
  Melee: Quarterstaff      |    86 |   126 |   151 |    85 |       |       ||   448
         Headbutt          |     6 |    21 |    40 |    71 |   234 |   166 ||   538
         Morningstar       |       |       |    28 |   259 |   213 |       ||   500
         Demon whip        |       |       |       |       |   588 |   575 ||  1163
         Unarmed           |       |       |       |       |     2 |       ||     2
 Invoke: Ancestor Identity |       |       |     1 |       |       |       ||     1
         Recall Ancestor   |       |       |     1 |     1 |     1 |       ||     3
         Ancestor Life: Ba |       |       |     1 |       |       |       ||     1
         Idealise          |       |       |       |     1 |       |       ||     1
         Transference      |       |       |       |       |     1 |       ||     1
  Evoke: Wand              |       |       |     3 |     3 |     7 |       ||    13
         Piece from Xom's  |       |       |       |     1 |       |       ||     1
         Box of beasts     |       |       |       |       |     2 |       ||     2
    Use: Scroll            |       |     8 |     4 |    11 |    17 |     2 ||    42
         Potion            |       |       |       |     2 |     7 |     1 ||    10
   Stab: Sleeping          |       |     4 |       |       |       |       ||     4
         Distracted        |       |       |     3 |     5 |    11 |    11 ||    30
 Armour: Robe              |     2 |       |       |       |       |       ||     2
         Ring mail         |    32 |    47 |    94 |    87 |       |       ||   260
         Scale mail        |       |       |       |    79 |   304 |   133 ||   516
  Dodge: Dodged            |    56 |    69 |   155 |   223 |   307 |   118 ||   928
         Repelled          |       |       |       |       |     2 |       ||     2
  Block: Kite shield       |       |       |       |   195 |   442 |   285 ||   922
         Reflection        |       |       |       |       |     4 |    16 ||    20

Table legend: (Time is in decaauts)
 A = Elapsed time spent in this place.
 B = Non-inter-level travel time spent in this place.
 C = Inter-level travel time spent in this place.
 D = Time resting spent in this place.
 E = Time spent auto-exploring this place.
 F = Levels seen in this place.
 G = Mean time per level.
                   A        B        C        D        E       F      G
               +--------+--------+--------+--------+--------+-----+--------+
         Total |  28155 |  26651 |   1504 |   6076 |  13711 |  29 |  970.9 |
       Dungeon |  14856 |  13637 |   1219 |   2303 |   7862 |  15 |  990.4 |
          Lair |   5996 |   5784 |    212 |   1403 |   3066 |   5 | 1199.2 |
         Swamp |   4345 |   4296 |     49 |   1394 |   1934 |   4 | 1086.2 |
  Orcish Mines |   1549 |   1527 |     22 |    486 |    654 |   2 |  774.5 |
        Bailey |    441 |    441 |      0 |     93 |    117 |   1 |  441.0 |
      Ice Cave |    526 |    526 |      0 |    341 |      0 |   1 |  526.0 |
      Gauntlet |    440 |    440 |      0 |     55 |     76 |   1 |  440.0 |
               +--------+--------+--------+--------+--------+-----+--------+

Top non-repeatable levels by time:
     D:9: 2224 daAuts
 Swamp:2: 1983 daAuts
  Lair:5: 1808 daAuts
  Lair:4: 1352 daAuts
  Lair:1: 1153 daAuts
    D:13: 1142 daAuts
    D:15: 1139 daAuts
   Orc:2: 1119 daAuts
    D:10: 1058 daAuts
    D:12: 1019 daAuts
     D:1: 1004 daAuts
     D:4: 983 daAuts
     D:8: 967 daAuts
 Swamp:4: 955 daAuts
 Swamp:1: 921 daAuts

Table legend: (Time is in decaauts)
 A = Elapsed time spent in this place.
 B = Non-inter-level travel time spent in this place.
 C = Inter-level travel time spent in this place.
 D = Time resting spent in this place.
 E = Time spent auto-exploring this place.
 F = Levels seen in this place.
 G = Mean time per level.
                   A        B        C        D        E       F      G
               +--------+--------+--------+--------+--------+-----+--------+
         Total |  28155 |  26651 |   1504 |   6076 |  13711 |  29 |  970.9 |
       Dungeon |  14856 |  13637 |   1219 |   2303 |   7862 |  15 |  990.4 |
          Lair |   5996 |   5784 |    212 |   1403 |   3066 |   5 | 1199.2 |
         Swamp |   4345 |   4296 |     49 |   1394 |   1934 |   4 | 1086.2 |
  Orcish Mines |   1549 |   1527 |     22 |    486 |    654 |   2 |  774.5 |
        Bailey |    441 |    441 |      0 |     93 |    117 |   1 |  441.0 |
      Ice Cave |    526 |    526 |      0 |    341 |      0 |   1 |  526.0 |
      Gauntlet |    440 |    440 |      0 |     55 |     76 |   1 |  440.0 |
               +--------+--------+--------+--------+--------+-----+--------+

Top non-repeatable levels by time:
     D:9: 2224 daAuts
 Swamp:2: 1983 daAuts
  Lair:5: 1808 daAuts
  Lair:4: 1352 daAuts
  Lair:1: 1153 daAuts
    D:13: 1142 daAuts
    D:15: 1139 daAuts
   Orc:2: 1119 daAuts
    D:10: 1058 daAuts
    D:12: 1019 daAuts
     D:1: 1004 daAuts
     D:4: 983 daAuts
     D:8: 967 daAuts
 Swamp:4: 955 daAuts
 Swamp:1: 921 daAuts

Table legend:
 A = Kills in this place as a percentage of kills in the entire game.
 B = Kills by you in this place as a percentage of kills by you in the entire game.
 C = Kills by friends in this place as a percentage of kills by friends in the entire game.
 D = Other kills in this place as a percentage of other kills in the entire game.
 E = Experience gained in this place as a percentage of experience gained in the entire game.
 F = Experience gained in this place divided by the number of levels of this place that you have seen.
                   A       B       C       D       E      F
               +-------+-------+-------+-------+-------+----------------------
         Total | 100.0 | 100.0 | 100.0 | 100.0 | 100.0 | 8008.8
       Dungeon |  45.9 |  49.9 |  36.7 |   0.0 |  28.3 | 4374.4
          Lair |  18.4 |  16.9 |  22.2 |   0.0 |  24.5 | 11393.2
         Swamp |  18.4 |  19.8 |  14.5 | 100.0 |  36.3 | 21063.5
  Orcish Mines |  12.0 |   9.7 |  17.7 |   0.0 |   5.3 | 6102.0
        Bailey |   2.4 |   1.2 |   5.2 |   0.0 |   0.2 | 579.0
      Ice Cave |   1.5 |   1.3 |   2.0 |   0.0 |   2.9 | 6683.0
      Gauntlet |   1.3 |   1.2 |   1.6 |   0.0 |   2.6 | 5952.0
               +-------+-------+-------+-------+-------+----------------------
